cohdb
Replays
Latest Replays
All Replays
Popular Replays
Top Player Replays
Match Explorer
How It Works
Community
CoH3 Stats
Reddit
Sign in to upload your games and track your stats! →
Sign in with Steam
Match 41240966
Unlisted
Match 41240966
Overview
Messages
Build Orders
End
Kettenkrad Recon Vehicle
Selects Luftwaffe Battlegroup
Selects Luftwaffe Pioneer Support
Fallschirmpioneer Squad Paradrop
Fallschirmpioneer Squad Paradrop
Fallschirmpioneer Squad Paradrop
Construct Infanterie Kompanie
Fallschirmpioneer Squad Paradrop
Construct Panzergrenadier Kompanie
Selects Flak 38 Anti-Air Emplacement
Construct Panzer Kompanie
Stoßtruppen Squad
Leiarde
sss
CPU - VERY EASY
OUT
Joker
jhc0928d
0
0
Comments
sign in to comment!
No comments posted yet!